 Dungeon Crawl Stone Soup version 0.29.0-4-gdea44cf6ec (webtiles) character file.

Game seed: 4014795587836847060

39 qw the Caller (level 3, -1/29 HPs)
             Began as a Ghoul Summoner on Sept 9, 2022.
             Slain by Sigmund
             ... wielding a +0 scythe
              (7 damage)
             ... on level 2 of the Dungeon.
             The game lasted 00:00:37 (1783 turns).

qw the Caller (Ghoul Summoner)                      Turns: 1783, Time: 00:00:37

Health: -1/29      AC:  9    Str: 13    XL:     3   Next: 45%
Magic:  1/4        EV: 10    Int: 10    God:
Gold:   46         SH:  0    Dex:  9    Spells: 4/5 levels left

rFire   . . .      SeeInvis .   a - +0 spear
rCold   + . .      Faith    .   (no shield)
rNeg    + + +      Spirit   .   c - +0 ring mail
rPois   inf        Reflect  .   (no helmet)
rElec   .          Harm     .   (no cloak)
rCorr   .          Rampage  .   (no gloves)
Will    .....                   (no boots)
Stlth   +.........              (no amulet)
HPRegen 0.00/turn               i - +4 ring of protection
MPRegen 0.09/turn               (no ring)

@: very slightly contaminated, inhibited regen
A: claws 1, cold resistance 1, negative energy resistance 3, inhibited
regeneration, torment resistance 2, devour on kill
a: no special abilities


You were on level 2 of the Dungeon.
You visited 1 branch of the dungeon, and saw 2 of its levels.

You collected 46 gold pieces.


Innate Abilities, Weirdness & Mutations

You are immune to poison.
You have sharp fingernails.
Your flesh is cold resistant. (rC+)
You are immune to negative energy. (rN+++)
You do not regenerate when monsters are visible.
You are immune to unholy pain and torment.
You thrive by killing the living.


   Skills:
 + Level 1.8 Fighting
 - Level 2.1 Axes
 - Level 1.7 Dodging
 - Level 2.1 Stealth
 - Level 1.7 Spellcasting
 - Level 3.6 Summonings


You had 4 spell levels left.
You knew the following spells:

 Your Spells              Type           Power      Damage    Failure   Level
a - Summon Small Mammal   Summ           32%        N/A       16%         1

Your spell library contained the following spells:

 Spells                   Type           Power      Damage    Failure   Level
 Call Imp                 Summ           8%         N/A       24%         2
 Call Canine Familiar     Summ           8%         N/A       43%         3
 Summon Guardian Golem    Hex/Summ       4%         N/A       71%         3
 Summon Lightning Spire   Summ/Air       4%         N/A       98%         4

Inventory:

Hand Weapons
 a - a +0 spear (weapon)
Armour
 c - a +0 ring mail (worn)
Jewellery
 i - a +4 ring of protection (left claw)
Potions
 d - a potion of curing {unknown}
 e - a potion of brilliance {unknown}
 f - a potion of heal wounds {unknown}
 j - a potion of cancellation {unknown}
 k - 2 potions of might {unknown}

Dungeon Overview and Level Annotations

Branches:
Dungeon (2/15)

Altars:
Vehumet

Annotations:
D:2 Sigmund


Message History

There is a strange disturbance nearby!
Something hits you but does no damage.
You're too confused to attack without stumbling around!
There is a strange disturbance nearby!
You feel less confused.
You swing at nothing.
You hear some strange, mumbled words.
A puff of flame appears from out of thin air!
The puff of flame hits you. Something hits you.
You swing at nothing.
A giant cockroach comes into view.
1778 ||| CASTING Summon Small Mammal
Casting: Summon Small Mammal (safe; 16% risk of failure)
Confirm with . or Enter, or press ? or * to list all spells.
You hear some strange, mumbled words.
Your bat appears confused.
1779 ||| CASTING Summon Small Mammal
Casting: Summon Small Mammal (safe; 16% risk of failure)
Confirm with . or Enter, or press ? or * to list all spells.
You miscast Summon Small Mammal.
You are very lightly contaminated with residual magic.
Nothing appears to happen.
Something hits you but does no damage.
Your bat hits something.
1780 ||| CASTING Summon Small Mammal
Casting: Summon Small Mammal (safe; 16% risk of failure)
Confirm with . or Enter, or press ? or * to list all spells.
You miscast Summon Small Mammal.
Nothing appears to happen.
Your bat closely misses you.
Your bat hits something. Something hits you but does no damage.
Your bat barely misses something.
You swap places.
Your bat closely misses you. x3; Your bat barely misses itself.
Reach: a) +0 spear
Press: ? - help, Dir - move target, f - giant cockroach Something you can't see is in the way.
You hit something. Your bat hits you but does no damage. Your bat hits itself.
Something hits you.
Reach: a) +0 spear
Press: ? - help, Dir - move target, f/p - giant cockroach Something you can't see is in the way.
You closely miss something. Your bat hits you but does no damage.
Your bat hits itself. Something hits you!
You die...

#.......###.# #.#
#...... #.........#.#
#.# #.####<
#........#..###### #.
#................#####..
#.
#...........####........
#. .............#
#......... ..
##.........###
#.#####... ##
####.###.## #b# .# #.
#.# #@# #. #{# #B# #.#
..# ... .## ..


You could see a giant cockroach and a friendly bat (summoned, confused).

Vanquished Creatures
  An adder (D:2)
  A ball python (D:1)
  A bat (D:2)
  A giant cockroach (D:1)
  A goblin (D:1)
  3 hobgoblins
  2 jackals (D:1)
  A kobold (D:2)
11 creatures vanquished.

Vanquished Creatures (collateral kills)
  An adder (D:2)
  An endoplasm (D:1)
  2 hobgoblins (D:1)
  A ball python (D:1)
  A kobold (D:1)
  A rat (D:1)
7 creatures vanquished.

Vanquished Creatures (others)
  4 demonic plants (D:2)
  5 fungi (D:2)
  4 plants (D:2)
13 creatures vanquished.

Grand Total: 31 creatures vanquished

Notes
Turn   | Place    | Note
-------+----------+-------------------------------------------
     0 | D:1      | qw the Ghoul Summoner began the quest for the Orb.
     0 | D:1      | Reached XP level 1. HP: 14/14 MP: 2/2
     0 | D:1      | 0 ||| qw: Version: 0.1-a-113-g051387a
     0 | D:1      | 0 ||| qw: Game counter: 7131
     0 | D:1      | 0 ||| qw: Always use a shield: true
     0 | D:1      | 0 ||| qw: God list: Okawaru
     0 | D:1      | 0 ||| qw: Allow faded altars: false
     0 | D:1      | 0 ||| qw: Do Orc after D:15 true
     0 | D:1      | 0 ||| qw: Do second Lair branch before Depths: true
     0 | D:1      | 0 ||| qw: Lair rune preference: random
     0 | D:1      | 0 ||| qw: Plans: Normal
     0 | D:1      | 0 ||| PLANNING D:1-11
    22 | D:1      | 22 ||| CASTING Summon Small Mammal
    23 | D:1      | 23 ||| CASTING Summon Small Mammal
    95 | D:1      | 95 ||| CASTING Summon Small Mammal
    96 | D:1      | 96 ||| CASTING Summon Small Mammal
   130 | D:1      | 130 ||| CASTING Summon Small Mammal
   131 | D:1      | 131 ||| CASTING Summon Small Mammal
   134 | D:1      | Reached skill level 1 in Axes
   193 | D:1      | 193 ||| CASTING Summon Small Mammal
   194 | D:1      | 194 ||| CASTING Summon Small Mammal
   205 | D:1      | HP: 1/15 [hobgoblin (5)]
   206 | D:1      | 206 ||| CASTING Summon Small Mammal
   208 | D:1      | Reached XP level 2. HP: 1/22 MP: 0/3
   471 | D:1      | 471 ||| CASTING Summon Small Mammal
   472 | D:1      | 472 ||| CASTING Summon Small Mammal
   473 | D:1      | 473 ||| CASTING Summon Small Mammal
   482 | D:1      | Reached skill level 1 in Fighting
   556 | D:1      | 556 ||| Wielding weapon +0 dagger.
   596 | D:1      | 596 ||| CASTING Summon Small Mammal
   597 | D:1      | 597 ||| CASTING Summon Small Mammal
   598 | D:1      | 598 ||| CASTING Summon Small Mammal
   659 | D:1      | 659 ||| CASTING Summon Small Mammal
   660 | D:1      | 660 ||| CASTING Summon Small Mammal
   661 | D:1      | 661 ||| CASTING Summon Small Mammal
   731 | D:1      | 731 ||| CASTING Summon Small Mammal
   732 | D:1      | 732 ||| CASTING Summon Small Mammal
   733 | D:1      | 733 ||| CASTING Summon Small Mammal
   772 | D:1      | 772 ||| SWAPPING to +0 short sword.
   773 | D:1      | 773 ||| CASTING Summon Small Mammal
   774 | D:1      | 774 ||| CASTING Summon Small Mammal
   775 | D:1      | 775 ||| CASTING Summon Small Mammal
   785 | D:1      | 785 ||| CASTING Summon Small Mammal
   942 | D:1      | 942 ||| DROPPING +0 dagger.
  1042 | D:1      | 1042 ||| CASTING Summon Small Mammal
  1043 | D:1      | 1043 ||| CASTING Summon Small Mammal
  1044 | D:1      | 1044 ||| CASTING Summon Small Mammal
  1241 | D:1      | 1241 ||| UPGRADING to +0 ring mail.
  1251 | D:1      | 1251 ||| DROPPING +0 robe.
  1252 | D:1      | 1252 ||| UPGRADING to +4 ring of protection.
  1253 | D:1      | 1253 ||| READING scroll labelled ICHAYLL ONOE.
  1254 | D:1      | 1254 ||| READING scroll labelled ETSAVV TEMOGH.
  1259 | D:1      | 1259 ||| DROPPING potion of magic.
  1306 | D:2      | 1306 ||| SWAPPING to +0 spear.
  1307 | D:2      | 1307 ||| DROPPING +0 short sword.
  1322 | D:2      | 1322 ||| CASTING Summon Small Mammal
  1323 | D:2      | 1323 ||| CASTING Summon Small Mammal
  1324 | D:2      | 1324 ||| CASTING Summon Small Mammal
  1341 | D:2      | 1341 ||| CASTING Summon Small Mammal
  1433 | D:2      | Found a radiant altar of Vehumet.
  1448 | D:2      | 1448 ||| CASTING Summon Small Mammal
  1449 | D:2      | 1449 ||| CASTING Summon Small Mammal
  1450 | D:2      | 1450 ||| CASTING Summon Small Mammal
  1460 | D:2      | 1460 ||| CASTING Summon Small Mammal
  1462 | D:2      | Reached XP level 3. HP: 25/28 MP: 0/4
  1532 | D:2      | 1532 ||| CASTING Summon Small Mammal
  1533 | D:2      | 1533 ||| CASTING Summon Small Mammal
  1534 | D:2      | 1534 ||| CASTING Summon Small Mammal
  1535 | D:2      | 1535 ||| CASTING Summon Small Mammal
  1582 | D:2      | 1582 ||| CASTING Summon Small Mammal
  1583 | D:2      | 1583 ||| CASTING Summon Small Mammal
  1584 | D:2      | 1584 ||| CASTING Summon Small Mammal
  1585 | D:2      | 1585 ||| CASTING Summon Small Mammal
  1593 | D:2      | 1593 ||| CASTING Summon Small Mammal
  1604 | D:2      | 1604 ||| CASTING Summon Small Mammal
  1750 | D:2      | Noticed Sigmund
  1751 | D:2      | 1751 ||| CASTING Summon Small Mammal
  1752 | D:2      | 1752 ||| CASTING Summon Small Mammal
  1753 | D:2      | 1753 ||| CASTING Summon Small Mammal
  1776 | D:2      | HP: 7/29 [something (2)]
  1778 | D:2      | 1778 ||| CASTING Summon Small Mammal
  1779 | D:2      | 1779 ||| CASTING Summon Small Mammal
  1780 | D:2      | 1780 ||| CASTING Summon Small Mammal
  1782 | D:2      | HP: 6/29 [something (1)]
  1783 | D:2      | Slain by Sigmund

Levels and vault maps discovered:
D:1:      lightli_arrival_quake, layout_basic
D:2:      layout_loops_ring, shapermc_ecumenical_altar_gd, basic_altar,
          uniq_crazy_yiuf_cottage, uniq_sigmund, uniq_jessica

Skill      XL: |  1  2 |
---------------+-------+-----
Axes           | 1 2 |  2.1
Fighting       | 1 |  1.8
Dodging        | |  1.7
Stealth        | |  2.1
Spellcasting   | |  1.7
Summonings     | |  3.6

Action                   || total
-------------------------++-------
Melee: Unarmed           ||    19
       Spear             ||    38
       Short sword       ||    12
       Dagger            ||     4
 Cast: Summon Small Mamm ||    40
  Use: Scroll            ||     2
Armor: Robe              ||     4
       Ring mail         ||    33
Dodge: Dodged            ||    54

Table legend:
 A = Non-vault XP
 B = Vault XP
 C = Vault XP percentage of total XP
 D = Non-vault monster count
 E = Vault monster count
 F = Vault count percentage of total count
                 A         B        C        D         E       F
            +---------+---------+-------+---------+---------+-------
      Total |      56 |       0 |   0.0 |      18 |       0 |   0.0
            +---------+---------+-------+---------+---------+-------
        D:1 |      23 |       0 |   0.0 |      13 |       0 |   0.0
        D:2 |      33 |       0 |   0.0 |       5 |       0 |   0.0
            +---------+---------+-------+---------+---------+-------
